 Dungeon Crawl Stone Soup version 0.29-a0-550-g81e455f4c2 (webtiles) character file.

Game seed: 17217389984602334692

209 Lekart the Skirmisher (level 5, -5/69 HPs)
             Began as a Draconian Abyssal Knight on June 5, 2022.
             Was a Priest of Lugonu.
             Slain by Duvessa
             ... wielding a +0 short sword
              (6 damage)
             ... on level 4 of the Dungeon.
             The game lasted 00:03:59 (2799 turns).

Lekart the Skirmisher (Draconian Abyssal Knight)    Turns: 2799, Time: 00:04:00

Health: -5/69      AC: 13    Str: 16    XL:     5   Next: 55%
Magic:  2/6        EV: 13    Int: 10    God:    Lugonu [***...]
Gold:   164        SH:  0    Dex: 13    Spells: 4/4 levels left

rFire   . . .      SeeInvis .   a - +1 hand axe (protect)
rCold   . . .      Faith    .   (no shield)
rNeg    . . .      Spirit   .   (body armour unavailable)
rPois   .          Reflect  .   (helmet restricted)
rElec   .          Harm     .   (no cloak)
rCorr   .          Rampage  .   e - +0 pair of gloves
Will    .....                   (no boots)
Stlth   ..........              (no amulet)
HPRegen 0.21/turn               (no ring)
MPRegen 0.10/turn               (no ring)

@: berserking, under a protective aura, very quick
A: AC +5, unfitting armour, cold-blooded, stinger 1, camouflage 1, low MP 1
a: Renounce Religion, Depart the Abyss, Bend Space, Banish


You were on level 4 of the Dungeon.
You worshipped Lugonu.
Lugonu was most pleased with you.
You visited 1 branch of the dungeon, and saw 4 of its levels.
You visited the Abyss 1 time.

You collected 164 gold pieces.

Inventory:

Hand Weapons
 a - a +1 hand axe of protection (weapon)
Armour
 e - a +0 pair of gloves (worn)
Scrolls
 h - 4 scrolls of teleportation
 j - 2 scrolls of magic mapping
Potions
 d - 3 potions of flight
 f - a potion of curing
 g - a potion of experience {unknown}
 i - a potion of heal wounds {unknown}
 k - a potion of attraction {unknown}
 m - a potion of ambrosia {unknown}


   Skills:
 + Level 4.2 Fighting
 + Level 3.8 Axes
 + Level 0.3 Throwing
 + Level 3.1 Dodging
 * Level 3.4 Invocations


You had 4 spell levels left.
You didn't know any spells.
Your spell library was empty.

Dungeon Overview and Level Annotations

Branches:
Dungeon (4/15)
 Temple: D:4-7

Altars:
Okawaru

Annotations:
D:3 exclusion: downstairs
D:4 Duvessa
Abyss:1 Dowan


Innate Abilities, Weirdness & Mutations

Your plain brown scales are hard. (AC +5)
You cannot fit into any form of body armour.
You are cold-blooded and may be slowed by cold attacks.
Your tail ends in a venomous barb.
Your skin changes colour to match your surroundings (Stealth+).
Your magical capacity is low. (-10% MP)


Message History

You fail to use your ability.
Dowan gestures at you while chanting. The puff of flame hits you!
Press: ? - help, Shift-Dir - straight line, f/p - Dowan
Aim: Dowan, wielding a +0 dagger and wearing a +2 robe of willpower (chance to affect: 50%) Dowan is devoured by a tear in reality.
Lugonu claims a new guest.
You hear a distant scream of rage.
Duvessa goes berserk!
You hear a shout!
The hobgoblin shouts!
Okay, then.
A red film seems to cover your vision as you go berserk!
You feel yourself moving faster!
You feel mighty!
You slash Duvessa!
Your weapon exudes an aura of protection.
You tail-slap Duvessa.
Duvessa is lightly wounded.
Duvessa closely misses you.
You closely miss Duvessa.
Duvessa is lightly wounded.
You hit the hobgoblin.
You kill the hobgoblin!
Lugonu accepts your kill.
Duvessa hits you with a +0 short sword! x2
You hit Duvessa.
Duvessa is moderately wounded.
Duvessa misses you.
You barely miss Duvessa.
Duvessa is moderately wounded.
Duvessa hits you with a +0 short sword!!
* * * LOW HITPOINT WARNING * * *
You slash Duvessa!
You tail-slap Duvessa, but do no damage.
Duvessa is heavily wounded.
Duvessa hits you with a +0 short sword!
* * * LOW HITPOINT WARNING * * *
You slash Duvessa!
Duvessa is severely wounded.
Duvessa hits you with a +0 short sword.
You die...

.......## .#
#.......##.#
...........####
...............
.............
...........
......†..#
...?.§.e@.#
......###..# ..
..#. #.##.. #.!
#....# .. #.#
#.....#
...##..##....###
.............##.
#...<.......
#......###..


You could see Duvessa (berserk).

Vanquished Creatures
  A scorpion (D:4)
  Jessica (D:2)
  An adder (D:3)
  2 worms (D:2)
  3 dart slugs
  4 endoplasms
  3 giant cockroaches
  10 hobgoblins
  7 jackals (D:1)
  2 kobolds (D:1)
  3 quokkas
  7 ball pythons
  4 bats
  2 frilled lizards
  7 goblins
  3 rats
60 creatures vanquished.

Notes
Turn   | Place    | Note
-------+----------+-------------------------------------------
     0 | Abyss:1  | Lekart the Draconian Abyssal Knight began the quest for the
                  | Orb.
     0 | Abyss:1  | Reached XP level 1. HP: 19/19 MP: 2/2
     0 | Abyss:1  | Found a corrupted altar of Lugonu.
    57 | Abyss:1  | Noticed a rust devil
    61 | Abyss:1  | Noticed a quasit
    88 | Abyss:2  | Noticed a ynoxinul
    89 | D:1      | Escaped the Abyss
   157 | D:1      | Reached XP level 2. HP: 11/26 MP: 3/3
   488 | D:1      | Found a faded altar of an unknown god.
   623 | D:1      | Reached XP level 3. HP: 21/33 MP: 4/4
  1309 | D:2      | Noticed Jessica
  1324 | D:2      | Killed Jessica
  1325 | D:2      | Reached skill level 4 in Fighting
  1325 | D:2      | Reached XP level 4. HP: 37/40 MP: 6/6
  1684 | D:2      | Gained mutation: You are agile. (Dex +2) [potion of
                  | mutation]
  1684 | D:2      | Gained mutation: You are covered in fur. (AC +1) [potion of
                  | mutation]
  1686 | D:2      | Lost mutation: You are covered in fur. (AC +1) [potion of
                  | mutation]
  1686 | D:2      | Lost mutation: You are agile. (Dex +2) [potion of mutation]
  1686 | D:2      | Gained mutation: Your tail ends in a venomous barb. [potion
                  | of mutation]
  1686 | D:2      | Gained mutation: Your magical capacity is low. (-10% MP)
                  | [potion of mutation]
  1686 | D:2      | Gained mutation: Your skin changes colour to match your
                  | surroundings (Stealth+). [potion of mutation]
  1763 | D:3      | Reached *** piety under Lugonu
  2051 | D:3      | Found an iron altar of Okawaru.
  2632 | D:4      | Noticed Duvessa
  2634 | D:4      | Noticed Dowan
  2686 | D:4      | Noticed a scorpion
  2695 | D:4      | Killed a scorpion
  2696 | D:4      | Reached XP level 5. HP: 38/46 MP: 6/6
  2789 | D:4      | Banished Dowan
  2798 | D:4      | HP: 1/69 [Duvessa/+0 short sword (14)]
  2799 | D:4      | Slain by Duvessa

Illustrated notes

Levels and vault maps discovered:
D:1:      minmay_arrival_three_doors, layout_rooms, basic_ecumenical_altar,
          grunt_decor_one_mirror
D:2:      wander_river, layout_basic, uniq_jessica
D:3:      layout_basic, mainiacjoe_overflow_24_doors, chequers_avenue
D:4:      layout_cave_pools, uniq_duvessa

Skill      XL: |  1  2  3  4 |
---------------+-------------+-----
Fighting       | 4 |  4.2
Invocations    | 3 |  3.4
Axes           | 3 |  3.8
Dodging        | 3 |  3.1
Throwing       | |  0.3

Action                   |  1- 3 |  4- 6 || total
-------------------------+-------+-------++-------
Melee: Hand axe          |    95 |    45 ||   140
       Tailslap          |    12 |    12 ||    24
       Punch             |     1 |       ||     1
Throw: Dart              |     6 |       ||     6
Invok: Depart the Abyss  |     1 |       ||     1
       Banish            |       |     1 ||     1
  Use: Scroll            |       |     8 ||     8
       Potion            |       |     5 ||     5
 Stab: Sleeping          |       |     4 ||     4
Armor: Skin              |    35 |    13 ||    48
Dodge: Dodged            |    83 |    28 ||   111

Table legend: (Time is in decaauts)
 A = Elapsed time spent in this place.
 B = Non-inter-level travel time spent in this place.
 C = Inter-level travel time spent in this place.
 D = Time resting spent in this place.
 E = Time spent auto-exploring this place.
 F = Levels seen in this place.
 G = Mean time per level.
                   A        B        C        D        E       F      G
               +--------+--------+--------+--------+--------+-----+--------+
         Total |   2825 |   2690 |    135 |      0 |   2242 |   6 |  470.8 |
       Dungeon |   2736 |   2601 |    135 |      0 |   2164 |   4 |  684.0 |
         Abyss |     88 |     88 |      0 |      0 |     78 |   2 |   44.0 |
               +--------+--------+--------+--------+--------+-----+--------+

Top non-repeatable levels by time:
     D:3: 1012 daAuts
     D:1: 901 daAuts
     D:2: 730 daAuts
     D:4: 92 daAuts
 Abyss:1: 63 daAuts
 Abyss:2: 25 daAuts
